 Dungeon Crawl Stone Soup version 0.23.0-38-g208d714 (webtiles) character file.

Game seed: 16881968716369677923

32 Pike the Chopper (level 3, -5/29 HPs)
             Began as a Demonspawn Abyssal Knight on Feb 27, 2019.
             Was a Follower of Lugonu.
             Slain by Sigmund
             ... wielding a cursed -2 scythe
              (11 damage)
             ... on level 2 of the Dungeon.
             The game lasted 00:02:01 (1610 turns).

Pike the Chopper (Demonspawn Abyssal Knight)        Turns: 1610, Time: 00:02:02

Health: -5/29      AC:  6    Str: 13    XL:     3   Next: 10%
Magic:  4/4        EV: 11    Int: 13    God:    Lugonu [*.....]
Gold:   85         SH:  0    Dex: 12    Spells: 2/2 levels left

rFire    . . .     SeeInvis .   e - +2 dagger (venom)
rCold    . . .     Gourm    .   (no shield)
rNeg     . . .     Faith    .   b - +0 leather armour
rPois    .         Spirit   .   (no helmet)
rElec    .         Reflect  .   (no cloak)
rCorr    .         Harm     .   (no gloves)
MR       .....                  (no boots)
Stlth    +.........             (no amulet)
HPRegen  0.09/turn              (no ring)
MPRegen  0.09/turn              (no ring)

@: no status effects
A: yellow scales 2
a: Depart the Abyss, Renounce Religion


You were on level 2 of the Dungeon.
You worshipped Lugonu.
Lugonu was aware of your devotion.
You were not hungry.

You visited 1 branch of the dungeon, and saw 2 of its levels.
You visited the Abyss 1 time.

You collected 85 gold pieces.

Inventory:

Hand Weapons
 a - a +1 hand axe
 e - a +2 dagger of venom (weapon)
Armour
 b - a +0 leather armour (worn)
Jewellery
 i - an uncursed ring of magical power {unknown}
Scrolls
 d - 2 scrolls of identify {unknown}
 f - 2 scrolls of enchant weapon {unknown}
 g - 3 scrolls of teleportation {unknown}
 l - a scroll of remove curse {unknown}
 n - a scroll of immolation {unknown}
Potions
 h - a potion of haste
 k - a potion of resistance {unknown}
 m - a potion of mutation {unknown}
Comestibles
 c - 3 rations
 j - 4 chunks of flesh


   Skills:
 - Level 3.0 Fighting
 + Level 3.3 Axes
 - Level 1.7 Armour
 - Level 0.8 Dodging
 - Level 2.4 Invocations


You had 2 spell levels left.
You didn't know any spells.
Your spell library was empty.

Dungeon Overview and Level Annotations

Branches:
Dungeon (2/15)

Altars:

Annotations:
D:2 Sigmund


Innate Abilities, Weirdness & Mutations

You are mostly covered in yellow scales. (AC +3)


Message History

Sigmund hits you from afar with a cursed -2 scythe!
You barely miss the goblin. The goblin completely misses you.
Sigmund casts a spell.
Sigmund flickers and vanishes!
Deactivating autopickup; reactivate with Ctrl-A.
You hit the goblin.
You kill the goblin!
Lugonu accepts your kill. Something hits you.
No target in view!
No target in view!
No target in view!
You hit something but do no damage. Something hits you!
You hit something but do no damage. Something hits you.
* * * LOW HITPOINT WARNING * * *
You closely miss something.
Your leather armour prevents you from hitting something.
Something barely misses you.
You closely miss something. Something hits you!
You die...

#.. #.# #.#
#.# #.. ..
#.####### ...
#{....... ..#
#@#########..#
#............#
#.####.......#
#.!..'.......#
######.......#
#.........#
#...^.....#
#...##....#
#...##....#


There were no monsters in sight!

Vanquished Creatures
  An adder (D:2)
  2 giant cockroaches (D:1)
  6 goblins
  3 hobgoblins (D:1)
  2 jackals (D:2)
  3 bats
  3 frilled lizards (D:1)
  A kobold (D:2)
21 creatures vanquished.

Notes
Turn   | Place    | Note
-------+----------+-------------------------------------------
     0 | Abyss:1  | Pike the Demonspawn Abyssal Knight began the quest for the
                  | Orb.
     0 | Abyss:1  | Reached XP level 1. HP: 18/18 MP: 2/2
   138 | Abyss:1  | Found a corrupted altar of Lugonu.
   198 | Abyss:1  | Noticed a small abomination
   214 | Abyss:1  | Found a shimmering altar of Xom.
   351 | Abyss:1  | Noticed a large abomination
   370 | D:1      | Escaped the Abyss
   810 | D:1      | Gained mutation: You are partially covered in yellow
                  | scales. (AC +2) [demonic ancestry]
   810 | D:1      | Reached XP level 2. HP: 24/24 MP: 3/3
  1414 | D:2      | Gained mutation: You are mostly covered in yellow scales.
                  | (AC +3) [demonic ancestry]
  1414 | D:2      | Reached XP level 3. HP: 17/29 MP: 4/4
  1577 | D:2      | Reached * piety under Lugonu
  1600 | D:2      | Noticed Sigmund
  1610 | D:2      | Slain by Sigmund

Skill      XL: |  1  2 |
---------------+-------+-----
Axes           | 2 3 |  3.3
Fighting       | |  3.0
Armour         | |  1.7
Dodging        | |  0.8
Invocations    | |  2.4

Action                   || total
-------------------------++-------
Melee: Hand axe          ||    64
       Dagger            ||    11
Invok: Depart the Abyss  ||     1
  Use: Potion            ||     2
  Eat: Chunk             ||     2
Armor: Leather armour    ||    30
Dodge: Dodged            ||    59
